 Dungeon Crawl Stone Soup version 0.29-a0-284-gf9362112df (webtiles) character file.

Game seed: 5952832108966485306

7007 sokol815 the Warrior (level 10, -10/162 HPs)
             Began as a Minotaur Berserker on Mar 15, 2022.
             Was an Elder of Trog.
             Mangled by a sun demon (22 damage)
             ... summoned by a kobold demonologist
             ... on level 10 of the Dungeon on Mar 16, 2022.
             The game lasted 00:18:36 (8499 turns).

sokol815 the Warrior (Minotaur Berserker)           Turns: 8499, Time: 00:18:36

Health: -10/162    AC: 10    Str: 27    XL:     10   Next: 82%
Magic:  9/9        EV: 14    Int:  4    God:    Trog [****..]
Gold:   655        SH:  0    Dex:  9    Spells: 9/9 levels left

rFire   . . .      SeeInvis .   a - +8 long sword of Cumpehag {vorpal, rPois rC+}
rCold   + . .      Faith    .   (no shield)
rNeg    . . .      Spirit   .   k - +0 troll leather armour {Pargi}
rPois   +          Reflect  .   (helmet restricted)
rElec   .          Harm     .   B - scarf {shadows}
rCorr   .          Rampage  .   u - +0 pair of gloves
Will    .....                   t - +2 pair of boots
Stlth   ..........              (no amulet)
HPRegen 1.17/turn               (no ring)
MPRegen 0.11/turn               (no ring)

@: berserking (expiring), studying Fighting, very quick
A: horns 2, retaliatory headbutt
a: Renounce Religion, Berserk, Trog's Hand, Brothers in Arms


You were on level 10 of the Dungeon.
You worshipped Trog.
Trog was greatly pleased with you.
You visited 1 branch of the dungeon, and saw 10 of its levels.
You also visited: Sewer.

You collected 655 gold pieces.

Inventory:

Hand Weapons
 a - the +8 long sword of Cumpehag (weapon) {vorpal, rPois rC+}
   (You found it on level 9 of the Dungeon)

   It inflicts extra damage upon your enemies.
   rC:        It protects you from cold.
   rPois:     It protects you from poison.
 c - a +2 vampiric short sword
   (You took it off an orc on level 3 of the Dungeon)
 h - a +2 short sword of electrocution
   (You took it off a kobold on level 2 of the Dungeon)
 l - a +0 hand axe
 o - a +0 war axe
   (You took it off an orc on level 8 of the Dungeon)
 y - a +0 flail of protection
   (You took it off an orc on level 6 of the Dungeon)
 F - a +0 war axe
   (You found it in a sewer)
Missiles
 b - 2 javelins
 f - 6 silver javelins
 p - 3 throwing nets {!d}
 s - 298 stones
 v - 7 curare-tipped darts
 z - 10 poisoned darts
Armour
 d - a +0 scale mail of cold resistance
   (You took it off an orc on level 3 of the Dungeon)
 g - a +3 ring mail of fire resistance
   (You found it on level 2 of the Dungeon)
 k - a +0 troll leather armour (worn) {Pargi}
   (You found it in a sewer)
 n - a +0 plate armour
   (You took it off an orc warrior on level 7 of the Dungeon)
 t - a +2 pair of boots (worn)
   (You found it on level 5 of the Dungeon)
 u - a +0 pair of gloves (worn)
   (You found it on level 1 of the Dungeon)
 B - a scarf of shadows (worn)
   (You found it on level 8 of the Dungeon)
 D - +0 steam dragon scales
   (You found it on level 9 of the Dungeon)
Wands
 e - a wand of charming (6)
   (You found it on level 5 of the Dungeon)
 q - a wand of flame (13)
   (You took it off Jessica on level 2 of the Dungeon)
Scrolls
 E - 2 scrolls of fear
 G - a scroll of fog
 Y - 3 scrolls of teleportation {@r3}
Potions
 i - a potion of haste {unknown}
 j - a potion of resistance {unknown}
 m - a potion of mutation {unknown}
 r - 2 potions of might {unknown}
 w - 2 potions of attraction {!q}
 x - a potion of flight {unknown}
 A - 3 potions of brilliance {unknown}
 J - a potion of curing {@q1}
 M - a potion of magic
 N - 3 potions of heal wounds {@q2}


   Skills:
 + Level 16.5 Fighting
 + Level 1.0 Long Blades
 - Level 9.9 Axes
 - Level 9.5 Armour
 - Level 8.8 Dodging


You had 9 spell levels left.
You didn't know any spells.
Your spell library was empty.

Dungeon Overview and Level Annotations

Branches:
Dungeon (10/15)            Temple (0/1) D:7            Lair (0/6) D:8
    Orc (0/2) D:9           Sewer (visited)

Altars:
Ashenzari
Dithmenos
Elyvilon
Fedhas
Hepliaklqana
Kikubaaqudgha
Okawaru
Qazlal
Vehumet
Xom
Yredelemnul
The Shining One

Shops:
D:3 [   D:6 *


Innate Abilities, Weirdness & Mutations

You have a pair of horns on your head.
You reflexively headbutt those who attack you in melee.


Message History

The kobold closely misses you. You furiously retaliate!
You headbutt the kobold.
You kill the kobold!
Trog accepts your kill.
You slash the kobold!
You kill the kobold!
Trog accepts your kill.
No target in view!
No target in view!
No target in view!
s - 295 stones (gained 1);
z - 10 poisoned darts (gained 3)
Items here: ))))) †††.
s - 298 stones (gained 3)
Things that are here:
a +0 club; a kobold corpse
There is an open door here.
There is an open door here.
You open the door.
There is an open door here.
You open the door.
There is an open door here.
You open the door.
A kobold demonologist comes into view. It is wielding a +0 dagger.
The kobold demonologist shouts!
The kobold demonologist mumbles some strange words.
There is an open door here.
You closely miss the shadow imp. The shadow imp barely misses you.
You completely miss the shadow imp. Your headbutt misses the shadow imp.
The ufetubus hits you but does no damage.
The ufetubus closely misses you.
The kobold demonologist casts a cantrip, but nothing happens.
The shadow imp barely misses you. The ufetubus completely misses you.
The ufetubus hits you.
You take 2 damage, and have 106/108 hp.
You hit the shadow imp. The ufetubus misses you.
The ufetubus completely misses you. The shadow imp gestures at you.
Pain shoots through your body! The ufetubus barely misses you.
The ufetubus misses you.
The kobold demonologist mumbles some strange words.
The shadow imp gestures at you. Pain shoots through your body!
You take 5 damage, and have 101/108 hp.
You slash the shadow imp!
You kill the shadow imp!
The shadow imp disappears in a puff of smoke!
The ufetubus barely misses you. The ufetubus misses you.
The ufetubus hits you but does no damage.
The ufetubus misses you.
The kobold demonologist barely misses you.
You regained 2 hp, and now have 103/108 hp.
You slash the sun demon! You headbutt the sun demon.
The ufetubus completely misses you. The ufetubus barely misses you.
The sun demon hits you!
You are engulfed in flames!
The kobold demonologist hits you with a +0 dagger.
The shadow imp hits you but does no damage.
The ufetubus hits you but does no damage. x2
The sun demon hits you!!
You are engulfed in flames!
You take 66 damage, and have 37/108 hp.
MASSIVE DAMAGE!!
A red film seems to cover your vision as you go berserk!
You feel yourself moving faster!
You feel mighty! The ufetubus misses you. x2
The kobold demonologist gestures wildly while chanting.
The shadow imp hits you. The sun demon barely misses you.
The ufetubus misses you. The ufetubus barely misses you.
You now have 54/162 hp.
You slash the kobold demonologist! You headbutt the kobold demonologist!
The kobold demonologist hits you with a +0 dagger.
The shadow imp misses you. The sun demon completely misses you.
The ufetubus barely misses you. The ufetubus misses you.
You take 3 damage, and have 51/162 hp.
You closely miss the kobold demonologist.
The ufetubus hits you. The ufetubus misses you.
The kobold demonologist hits you with a +0 dagger.
* * * LOW HITPOINT WARNING * * *
The sun demon barely misses you. The shadow imp misses you.
You take 4 damage, and have 47/162 hp.
You miss the kobold demonologist. The ufetubus completely misses you.
The ufetubus barely misses you. The sun demon barely misses you.
The kobold demonologist hits you with a +0 dagger.
* * * LOW HITPOINT WARNING * * *
The shadow imp closely misses you. You furiously retaliate!
You headbutt the shadow imp!!
You kill the shadow imp!
The shadow imp disappears in a puff of smoke!
The ufetubus misses you. You furiously retaliate!
You headbutt the ufetubus!
You kill the ufetubus!
The ufetubus disappears in a puff of smoke!
You take 1 damage, and have 46/162 hp.
You closely miss the kobold demonologist.
Your headbutt misses the kobold demonologist.
The sun demon hits you!!
* * * LOW HITPOINT WARNING * * *
You are engulfed in flames!!
* * * LOW HITPOINT WARNING * * *
The kobold demonologist hits you but does no damage.
You take 35 damage, and have 11/162 hp.
MASSIVE DAMAGE!!
You slash the kobold demonologist! The sun demon hits you!!
You die...

#######################
.......................
.......................
.......§.§......###....
#....§.......<.###....
.#...K§................
....43@§...............
..#####'############...
#................#...
#................#...
#................'...
#................#...
##################...
#...# #... #...# #...


You could see a sun demon (summoned), a kobold demonologist and a chaos spawn
(summoned).

Vanquished Creatures
  A two-headed ogre (D:9)
  Joseph (D:8)
  A komodo dragon (D:8)
  A hornet (D:7)
  A shadow (D:8)
  A wyvern (D:5)
  A wraith (D:9)
  A steam dragon (D:9)
  4 water moccasins
  4 orc warriors
  2 sky beasts
  Pargi (Sewer)
  5 black bears
  6 ogres
  2 centaurs
  A phantom (D:5)
  3 kobold brigands
  Blork the orc (D:5)
  4 bullfrogs
  2 scorpions
  3 gnoll sergeants
  4 wights (D:9)
  17 killer bees
  A howler monkey (D:8)
  2 hounds
  2 jellies
  5 orc priests
  Jessica (D:2)
  6 iguanas
  Natasha (thrice) (D:4)
  7 orc wizards
  A hound zombie (D:3)
  Robin (D:4)
  5 adders
  18 gnolls
  A shadow imp (D:7)
  A worm (D:2)
  2 dart slugs
  22 orcs
  5 endoplasms
  A giant cockroach (D:1)
  14 goblins
  11 hobgoblins
  5 quokkas
  8 ball pythons
  4 bats
  7 frilled lizards
  A jackal zombie (D:3)
  22 kobolds
  4 rats
227 creatures vanquished.

Vanquished Creatures (others)
  39 fungi
  31 plants (D:8)
70 creatures vanquished.

Grand Total: 297 creatures vanquished

Notes
Turn   | Place    | Note
-------+----------+-------------------------------------------
     0 | D:1      | sokol815 the Minotaur Berserker began the quest for the
                  | Orb.
     0 | D:1      | Reached XP level 1. HP: 19/19 MP: 0/0
   194 | D:1      | Reached XP level 2. HP: 27/27 MP: 1/1
   231 | D:1      | Found a faded altar of an unknown god.
   328 | D:1      | Reached skill level 4 in Axes
   387 | D:1      | Reached skill level 4 in Fighting
   439 | D:1      | Reached skill level 3 in Armour
   475 | D:1      | Reached XP level 3. HP: 33/33 MP: 2/2
   511 | D:1      | Reached ** piety under Trog
   723 | D:2      | Noticed Jessica
   738 | D:2      | Killed Jessica
   739 | D:2      | Reached skill level 3 in Dodging
   887 | D:2      | Reached XP level 4. HP: 40/40 MP: 3/3
   989 | D:2      | Noticed an ogre
   999 | D:2      | HP: 14/61 [ogre/+0 giant club (9)]
  1000 | D:2      | Killed an ogre
  1001 | D:2      | Reached skill level 4 in Armour
  1001 | D:2      | Reached XP level 5. HP: 16/47 MP: 4/4
  1369 | D:2      | Identified a scroll of acquirement
  1369 | D:2      | Acquired a manual of Fighting
  1515 | D:3      | Reached skill level 5 in Fighting
  1515 | D:3      | Reached skill level 5 in Axes
  1610 | D:3      | Found a shimmering altar of Xom.
  1714 | D:3      | Found a glowing drain.
  1719 | Sewer    | Entered a sewer
  1758 | Sewer    | Noticed Pargi
  1762 | Sewer    | Killed Pargi
  1763 | Sewer    | Reached skill level 4 in Dodging
  1763 | Sewer    | Reached XP level 6. HP: 57/57 MP: 5/5
  1928 | D:3      | Found Zemi's Antique Armour Shop.
  2150 | D:3      | Found a stormy altar of Qazlal.
  2373 | D:3      | Found a basalt altar of Yredelemnul.
  2650 | D:4      | Reached skill level 6 in Fighting
  2658 | D:4      | Reached *** piety under Trog
  2695 | D:4      | Reached skill level 5 in Armour
  2695 | D:4      | Reached XP level 7. HP: 64/64 MP: 6/6
  2703 | D:4      | Reached skill level 7 in Fighting
  2703 | D:4      | Reached skill level 6 in Axes
  2703 | D:4      | Reached skill level 5 in Dodging
  2788 | D:4      | Noticed Robin
  2799 | D:4      | Killed Robin
  3074 | D:4      | Noticed Natasha
  3075 | D:4      | Killed Natasha
  3290 | D:4      | Noticed Natasha
  3294 | D:4      | Killed Natasha
  3327 | D:4      | Noticed Natasha
  3334 | D:4      | Killed Natasha
  3342 | D:5      | Entered Level 5 of the Dungeon
  3342 | D:5      | Found a glowing golden altar of the Shining One.
  3407 | D:5      | Found a radiant altar of Vehumet.
  3408 | D:5      | Found a shadowy altar of Dithmenos.
  3408 | D:5      | Noticed Blork the orc
  3411 | D:5      | Killed Blork the orc
  3412 | D:5      | Found an iron altar of Okawaru.
  3447 | D:5      | Reached skill level 8 in Fighting
  3447 | D:5      | Reached XP level 8. HP: 74/74 MP: 7/7
  3493 | D:5      | Reached skill level 6 in Armour
  3619 | D:5      | Reached skill level 9 in Fighting
  3716 | D:5      | Reached skill level 7 in Axes
  3794 | D:5      | Reached skill level 6 in Dodging
  3825 | D:5      | Reached skill level 10 in Fighting
  4115 | D:5      | Found a broken altar of Ashenzari.
  4510 | D:6      | Reached skill level 11 in Fighting
  4510 | D:6      | Reached skill level 7 in Armour
  4596 | D:6      | Found Ixzum's General Store.
  4635 | D:6      | Reached XP level 9. HP: 72/89 MP: 8/8
  4826 | D:6      | Reached skill level 12 in Fighting
  4884 | D:6      | Reached skill level 8 in Axes
  5336 | D:7      | Found a white marble altar of Elyvilon.
  5359 | D:7      | Reached skill level 7 in Dodging
  5451 | D:7      | Reached skill level 13 in Fighting
  5478 | D:7      | Reached **** piety under Trog
  5497 | D:7      | Reached skill level 8 in Armour
  5568 | D:7      | Found a staircase to the Ecumenical Temple.
  5719 | D:7      | Reached skill level 14 in Fighting
  6094 | D:8      | Reached XP level 10. HP: 83/103 MP: 9/9
  6100 | D:8      | Noticed Joseph
  6108 | D:8      | Killed Joseph
  6109 | D:8      | Reached skill level 9 in Axes
  6199 | D:8      | Reached skill level 8 in Dodging
  6202 | D:8      | Found a staircase to the Lair.
  6246 | D:8      | Reached skill level 15 in Fighting
  6822 | D:8      | Reached skill level 9 in Armour
  7073 | D:9      | Noticed a two-headed ogre
  7080 | D:9      | Killed a two-headed ogre
  7081 | D:9      | Reached skill level 16 in Fighting
  7205 | D:9      | Found an ancient bone altar of Kikubaaqudgha.
  7611 | D:9      | Identified the +8 long sword of Cumpehag {vorpal, rPois
                  | rC+}
  7724 | D:9      | Found a staircase to the Orcish Mines.
  8077 | D:10     | Entered Level 10 of the Dungeon
  8347 | D:10     | Found a blossoming altar of Fedhas.
  8358 | D:10     | Found a hazy altar of Hepliaklqana.
  8432 | D:10     | Reached skill level 1 in Long Blades
  8492 | D:10     | Noticed a sun demon
  8498 | D:10     | HP: 29/162 [sun demon[a kobold demonologist] (18)]
  8498 | D:10     | HP: 11/162 [sun demon[a kobold demonologist] (18)]
  8499 | D:10     | Mangled by a sun demon

Illustrated notes

Levels and vault maps discovered:
D:1:      scummos_arrival_simple_crosswalls, layout_rooms,
          nicolae_ecumenical_lake_church, minmay_misc_feat_five
D:2:      layout_basic, uniq_jessica
D:3:      layout_loops_corners, overflow_temple_1_default,
          lemuel_zombie_altar_yredelemnul, mainiacjoe_overflow_six_doors_small,
          portal_sewer_entry_e, serial_shops, shop, minmay_misc_feat_room
D:4:      layout_loops_ring, hex_large, uniq_robin, uniq_natasha
D:5:      layout_loops_corners, mainiacjoe_overflow_alcove_3,
          nicolae_ashenzari_skybound, minmay_misc_feat_rows,
          mumra_transporter_accident, grunt_ministairs_2, serial_bayou_lagoon_b,
          uniq_blork_the_orc
D:6:      layout_basic, serial_shops,
          nicolae_shop_temple_entry_statues_fountains,
          chequers_serial_rivers_marsh
D:7:      layout_basic, mainiacjoe_overflow_boulevard, minmay_temple_entry_mist
D:8:      layout_basic, due_lair_maze_entry_diamond, uniq_joseph
D:9:      layout_basic, nicolae_kikubaaqudgha_miasma_corner, orc_0_dummy,
          serial_co_window_serial, co_window_corner_a, co_window_paths_b,
          co_window_corner_a, co_window_paths_b, co_window_corner_a,
          co_window_broadway_c, co_window_paths_c, co_window_corner_ca,
          co_window_cross_4, co_window_corner_ca, glass_columns_c,
          glass_columns_a, minivault_1, nrook_campfire
D:10:     layout_stronghold, minitemple, small_statue_alley_a

Skill      XL: |  1  2  3  4  5  6  7  8  9 10 |
---------------+-------------------------------+-----
Axes           | 4 5 6 7 8 9 |  9.9
Fighting       | 4 5 6 8 11 14 16 | 16.5
Armour         | 3 4 5 7 8 9 |  9.5
Dodging        | 3 4 5 6 7 8 |  8.8
Long Blades    | 1 |  1.0

Action                   |  1- 3 |  4- 6 |  7- 9 | 10-12 || total
-------------------------+-------+-------+-------+-------++-------
Melee: Hand axe          |    54 |    48 |       |       ||   102
       Headbutt          |     9 |    10 |    37 |    25 ||    81
       War axe           |       |    41 |   218 |   117 ||   376
       Punch             |       |     1 |     2 |     2 ||     5
       Long sword        |       |       |       |    25 ||    25
Throw: Javelin           |     6 |       |       |       ||     6
       Stone             |     3 |       |       |       ||     3
Invok: Berserk           |     1 |     4 |    13 |     6 ||    24
       Trog's Hand       |       |       |     1 |       ||     1
Evoke: Wand              |       |     6 |       |       ||     6
  Use: Scroll            |       |     9 |     4 |     3 ||    16
Armor: Ring mail         |    14 |    28 |       |       ||    42
       Troll leather arm |       |    16 |    93 |    56 ||   165
Dodge: Dodged            |    26 |    57 |   163 |   126 ||   372

Table legend: (Time is in decaauts)
 A = Elapsed time spent in this place.
 B = Non-inter-level travel time spent in this place.
 C = Inter-level travel time spent in this place.
 D = Time resting spent in this place.
 E = Time spent auto-exploring this place.
 F = Levels seen in this place.
 G = Mean time per level.
                   A        B        C        D        E       F      G
               +--------+--------+--------+--------+--------+-----+--------+
         Total |   8811 |   8344 |    467 |    822 |   5954 |  11 |  801.0 |
       Dungeon |   8676 |   8209 |    467 |    822 |   5866 |  10 |  867.6 |
         Sewer |    134 |    134 |      0 |      0 |     88 |   1 |  134.0 |
               +--------+--------+--------+--------+--------+-----+--------+

Top non-repeatable levels by time:
     D:9: 1175 daAuts
     D:5: 1124 daAuts
     D:3: 1068 daAuts
     D:8: 987 daAuts
     D:6: 960 daAuts
     D:7: 884 daAuts
     D:2: 789 daAuts
     D:4: 728 daAuts
     D:1: 712 daAuts
    D:10: 245 daAuts
   Sewer: 134 daAuts

Table legend:
 A = Kills in this place as a percentage of kills in entire the game.
 B = Kills by you in this place as a percentage of kills by you in the entire game.
 C = Kills by friends in this place as a percentage of kills by friends in the entire game.
 D = Other kills in this place as a percentage of other kills in the entire game.
 E = Experience gained in this place as a percentage of experience gained in the entire game.
 F = Experience gained in this place divided by the number of levels of this place that you have seen.
                   A       B       C       D       E      F
               +-------+-------+-------+-------+-------+----------------------
         Total | 100.0 | 100.0 |   N/A |   N/A | 100.0 | 910.1
       Dungeon |  99.6 |  99.6 |   N/A |   N/A |  98.7 | 988.3
         Sewer |   0.4 |   0.4 |   N/A |   N/A |   1.3 | 128.0
               +-------+-------+-------+-------+-------+----------------------
